 Dungeon Crawl Stone Soup version 0.21-a0-450-gd87a9b2 (webtiles) character file.

1001023 Indrix the Sorcerer (level 27, -6/307 (310) HPs)
             Began as a Naga Fire Elementalist on Nov 4, 2017.
             Was the Champion of Vehumet.
             Killed from afar by an ancient champion (9 damage)
             ... with a bolt of negative energy
             ... led by the effects of Hell
             ... on level 7 of the Iron City of Dis on Nov 19, 2017.
             The game lasted 13:47:02 (132623 turns).

Indrix the Sorcerer (Naga Fire Elementalist)      Turns: 132623, Time: 13:47:02

HP:   -6/307 (310)  AC: 34    Str: 14    XL:     27
MP:   17/47         EV: 11    Int: 43    God:    Vehumet [******]
Gold: 5207          SH: 37    Dex: 21    Spells: 5/78 levels left

rFire    + + .     SeeInvis +   e - +1 scimitar of the Orcish Mines {holy, +Rage rC++ Dex+4 Stlth+}
rCold    + . .     Gourm    .   h - +8 large shield of the Blind Marksman {rC+ rN+ Int+6}
rNeg     + + .     Faith    .   P - +1 acid dragon scales "Iduid" {rCorr Str+2 Int+4 SInv}
rPois    +         Spirit   .   a - +2 hat {Int+3}
rElec    +         Reflect  +   X - +2 ratskin cloak {+Rats rPois rN+ Str-1 Int-1 Dex+1}
rCorr    +         Harm     .   E - +2 pair of gloves {Dex+3}
MR       +++++                  r - +6 lightning scales {run, rElec}
Stlth    ++++......             L - brooch of Shielding {Reflect SH+8}
HPRegen  0.61/turn              w - ring "Junyni" {Fire Int+6}
MPRegen  0.30/turn              d - ring of Sianwoco {Fire MR++}

@: disjoining, very slightly contaminated, drained, slow
A: stinger 1, large bone plates 1, thin skeletal structure 1, see invisible,
clumsy 1, deformed body, low mp 1, magic resistance 1, poison resistance, robust
1, shaggy fur 1, slowness 2, slow metabolism 1, spit poison 1, no potion heal 1,
constrict 1, AC +9
}: 7/15 runes: serpentine, barnacled, slimy, silver, icy, bone, abyssal
a: Spit Poison, Renounce Religion, Evoke Ratskin, Evoke Berserk Rage


You were on level 7 of the Iron City of Dis.
You worshipped Vehumet.
Vehumet was exalted by your worship.
You were not hungry.

You visited 17 branches of the dungeon, and saw 81 of its levels.
You visited the Abyss 6 times.
You also visited: Trove, Sewer, Ossuary and Ice Cave.

You collected 13741 gold pieces.
You spent 8534 gold pieces at shops.

Inventory:

Hand Weapons
 e - the +1 scimitar of the Orcish Mines (weapon) {holy, +Rage rC++ Dex+4 Stlth+}
   (You found it on level 3 of the Elven Halls)

   It has been blessed by the Shining One to cause great damage to the undead
   and demons.
   It affects your dexterity (+4).
   It greatly protects you from cold.
   It lets you go berserk.
   It makes you more stealthy.
 Q - the cursed +2 flail "Earthworm" {freeze, rPois rN+ Int-4 SInv, unknown}
   (You took it off an iron imp on level 7 of the Iron City of Dis)

   It has been specially enchanted to freeze those struck by it, causing extra
   injury to most foes and up to half again as much damage against particularly
   susceptible opponents.
   It can also slow down cold-blooded creatures.
   It affects your intelligence (-4).
   It protects you from poison.
   It protects you from negative energy.
   It lets you see invisible.
   It has a curse placed upon it.
Armour
 a - a +2 hat of intelligence (worn)
 h - the +8 large shield of the Blind Marksman (worn) {rC+ rN+ Int+6}
   (You bought it in a shop on level 2 of the Orcish Mines)

   It affects your intelligence (+6).
   It protects you from cold.
   It protects you from negative energy.
 r - the +6 lightning scales (worn) {run, rElec}
   (You found it on level 11 of the Dungeon)

   It insulates you from electricity.
 E - a +2 pair of gloves of dexterity (worn)
 P - the +1 acid dragon scales "Iduid" (worn) {rCorr Str+2 Int+4 SInv}
   (You took it off a deep elf mage on level 3 of the Elven Halls)

   It affects your strength (+2).
   It affects your intelligence (+4).
   It lets you see invisible.
   It protects you from acid and corrosion.
 X - the +2 ratskin cloak (worn) {+Rats rPois rN+ Str-1 Int-1 Dex+1}
   (You found it on level 4 of the Dungeon)

   It affects your strength (-1).
   It affects your intelligence (-1).
   It affects your dexterity (+1).
   It protects you from poison.
   It protects you from negative energy.
Magical Staves
 s - an uncursed staff of energy
Jewellery
 d - the ring of Sianwoco (right hand) {Fire MR++}
   (You took it off a merfolk on level 2 of the Depths)

   [ring of fire]

   It enhances your fire magic.
   It protects you from fire.
   It makes you vulnerable to cold.
   It affects your resistance to hostile enchantments.
 w - the ring "Junyni" (left hand) {Fire Int+6}
   (You found it on level 1 of the Realm of Zot)

   [ring of fire]

   It enhances your fire magic.
   It affects your intelligence (+6).
   It protects you from fire.
   It makes you vulnerable to cold.
 x - an uncursed ring of protection from cold
 L - the brooch of Shielding (around neck) {Reflect SH+8}
   (You found it in a treasure trove)

   [amulet of reflection]

   It shields you and reflects attacks.
   It affects your SH (+8).
 T - the ring "Gihoyr Gysorch" {rN+ MR+}
   (You found it on level 3 of the Crypt)

   [ring of positive energy]

   It protects you from negative energy.
   It affects your resistance to hostile enchantments.
 Y - the amulet of Pirakh {Gourm +Fly rF+ MP+9 Stlth+}
   (You acquired it on level 2 of the Depths)

   [amulet of the gourmand]

   It allows you to eat raw meat even when not hungry.
   It protects you from fire.
   It affects your magic capacity (+9).
   It lets you fly.
   It makes you more stealthy.
Wands
 y - a wand of digging (21/24)
 A - a wand of clouds (6/9)
 B - a wand of digging (16/24)
Scrolls
 b - 15 scrolls of teleportation
 i - a scroll of summoning
 o - 2 scrolls of magic mapping
 t - 5 scrolls of enchant armour
 v - 6 scrolls of recharging
 z - 31 scrolls of remove curse
 C - 2 scrolls of holy word
 I - 11 scrolls of fear
 M - 5 scrolls of immolation
 O - 15 scrolls of identify
 V - 6 scrolls of fog
Potions
 c - 4 potions of magic
 f - a potion of invisibility
 j - 9 potions of brilliance
 k - a potion of heal wounds
 l - 7 potions of haste
 p - 11 potions of flight
 q - 6 potions of cancellation
 D - a potion of agility
 G - 7 potions of ambrosia
 H - 2 potions of resistance
 Z - 18 potions of curing
Miscellaneous
 g - 4 phantom mirrors
 u - the horn of Geryon
 N - a phial of floods (inert)
 S - a lightning rod (4/4)
 U - a crystal ball of energy
 W - a lamp of fire
Comestibles
 m - 32 royal jellies
 n - 57 fruits
 F - 8 meat rations
 K - 8 bread rations


   Skills:
 - Level 23.3(22.4) Fighting
 - Level 5.6(5.0) Armour
 - Level 7.4(6.8) Dodging
 - Level 3.0(2.4) Stealth
 - Level 11.1(10.4) Shields
 + Level 26.0(25.0) Spellcasting
 - Level 21.3(20.5) Conjurations
 + Level 9.6(9.0) Necromancy
 + Level 21.3(20.5) Translocations
 - Level 20.9(20.0) Fire Magic
 - Level 20.0(19.1) Ice Magic
 - Level 10.2(9.5) Air Magic
 + Level 14.1(13.3) Evocations


You had 5 spell levels left.
You knew the following spells:

 Your Spells              Type           Power        Failure   Level  Hunger
a - Glaciate              Conj/Ice       ########..   7%          9    None
b - Iron Shot             Conj/Erth      #######...   1%          6    None
c - Disjunction           Tloc           ########..   1%          8    None
d - Controlled Blink      Tloc           N/A          1%          8    None
f - Apportation           Tloc           ######       0%          1    None
g - Irradiate             Conj/Tmut      #######...   1%          5    None
h - Freezing Cloud        Conj/Ice/Air   ########..   1%          6    None
i - Bolt of Fire          Conj/Fire      #########.   1%          6    None
j - Regeneration          Chrm/Necr      #######...   1%          3    None
k - Blink                 Tloc           N/A          0%          2    None
l - Ignition              Fire           #########.   1%          8    None
m - Sublimation of Blood  Necr           #######...   1%          2    None
n - Fire Storm            Conj/Fire      #########.   6%          9    None


Dungeon Overview and Level Annotations

Branches:
Dungeon (15/15)            Temple (1/1) D:4            Lair (6/6) D:11
 Shoals (4/4) Lair:4        Snake (4/4) Lair:3        Slime (5/5) Lair:5
    Orc (2/2) D:12            Elf (3/3) Orc:2        Vaults (5/5) D:13
  Crypt (3/3) Vaults:3       Tomb (2/3) Crypt:3      Depths (5/5) D:15
   Hell (1/1)                 Dis (7/7) Hell            Geh (0/7) Hell
    Coc (7/7) Hell            Tar (7/7) Hell            Zot (4/5) Depths:5

Altars:
Ashenzari
Cheibriados
Dithmenos
Elyvilon
Fedhas
Gozag
Hepliaklqana
Kikubaaqudgha
Makhleb
Nemelex Xobeh
Okawaru
Qazlal
Ru
Sif Muna
Trog
Uskayaw
Vehumet
Wu Jian
Xom
Yredelemnul
Zin
The Shining One
Jiyva

Shops:
Orc:2 *?:([}   Shoals:3 :   Shoals:4 =   Snake:1 *   Snake:2 (   Snake:3 ([!:
Vaults:1 (   Vaults:3 ?   Vaults:5 (?[}![%!   Depths:1 =}}*   Depths:4 (

Portals:
Hell: Depths:1 Depths:2 Depths:3 Depths:4 Depths:5
Abyss: Depths:2 Depths:4
Pandemonium: Depths:3
Ziggurat: Depths:3

Annotations:
D:6 Sigmund
Shoals:2 exclusion: kraken
Elf:2 3 runed doors
Depths:1 exclusion: Mara


Innate Abilities, Weirdness & Mutations

You cannot wear boots.
Your serpentine skin is tough. (AC +9)
You have supernaturally acute eyesight. (SInv)
Armour fits poorly on your strangely shaped body.
Your system is resistant to poisons. (rPois)
You cover ground very slowly.
You have a slow metabolism.
You can spit poison.
You can use your snake-like lower body to constrict enemies.
Your tail ends in a poisonous barb.
You are partially covered in large bone plates. (SH +4)
You have a somewhat thin skeletal structure. (Dex +2, Stealth)
You are clumsy. (Dex -2)
Your magical capacity is low. (-10% MP)
You are resistant to hostile enchantments. (MR+)
You are robust. (+10% HP)
You are covered in fur. (AC +1)
Potions are less effective at restoring your health.


Message History

The ancient champion blinks! x4
You block the ancient champion's attack.
Casting: Iron Shot
Confirm with . or Enter, or press ? or * to list all spells.
Aiming: Iron Shot
Press: ? - help, Shift-Dir - straight line, f/p - iron giant
Aim: an iron giant, wielding a giant club (translocational energy, heavily wounded)
The iron shot hits the iron giant.
The iron giant is severely wounded.
The ancient champion blinks!
The iron giant blinks!
The ancient champion blinks!
The iron giant blinks!
The ancient champion hits you but does no damage.
The iron giant casts a spell at you. The iron shot hits you!
* * * LOW HITPOINT WARNING * * *
As you open the large door, it creaks loudly!
The ancient champion blinks! x3; The iron giant blinks!
The ancient champion casts a spell at you.
The bolt of negative energy hits you! You partially resist.
You feel drained.
You die...

≈≈≈≈≈≈≈≈≈,.≈≈≈≈≈≈≈≈≈)≈≈..≈≈≈≈≈≈≈≈
*********,,..............#######*
**********#####''')##############
,,,,,,,,,,.......[..........)....
,,,,,,,,,,.......................
,,********##############..##..##.
***,,,,,,,*,,#))|'z..).##########
*,,,,,,,,*,,#§§§'z..)|#.........
*,,,,,,,,*,,#.§@#....†#.8.8.8.8.
*,,,,,,,,*,,#§..#.....'.......).
**,,,,,,,,*++#####.....'.......))
*,,,,,,,,,*,,*,,,#######.........
,,,,,,,,,,*,,*,,,,,** #....†.)1.
,,,,,,,,,**,,+,,,,,,** ######)''#
,,,,,******,,+,,,,,,,**#...4.....
,,,,** ****,8,8,8,,*#.8.8.....
*,,,**********,,,,,,,,,#5........


You could see 2 ancient champions.

Vanquished Creatures
  Antaeus (Coc:7)
  Dissolution (Slime:3)
  the Royal Jelly (Slime:5)
  Ereshkigal (Tar:7)
  An orb of fire (Zot:4)
  Mara (Depths:1)
  6 ancient liches
  A juggernaut (Depths:4)
  The ghost of agentgt the Hand of Fortune, a master GnCK of Nemelex Xobeh (Tomb:1)
  Sojobo (Depths:2)
  5 greater mummies
  12 shard shrikes
  Bai Suzhen (Vaults:4)
  Frederick (Vaults:4)
  2 curse toes
  3 caustic shrikes
  Xtahua (Crypt:2)
  Geryon (Hell)
  13 golden dragons
  19 bone dragons
  2 profane servitors
  Jory (Depths:4)
  2 doom hounds
  3 iron giants (Dis:6)
  22 Tzitzimimeh
  2 Brimstone Fiends
  15 liches
  18 Ice Fiends
  Jorgrun (Vaults:4)
  17 tentacled monstrosities
  9 Hell Sentinels
  3 titans
  Asterion (Elf:2)
  2 deep elf blademasters (Elf:3)
  7 quicksilver dragons
  24 acid blobs
  A deep elf master archer (Elf:3)
  7 death cobs
  11 sphinxes
  2 Executioners
  2 eldritch tentacles
  18 tentacled starspawn
  10 ancient champions
  Agnes (Elf:1)
  11 shadow dragons
  4 draconian monks
  Kirke (Snake:2)
  Donald (Snake:2)
  8 storm dragons
  Ilsuiw (Shoals:4)
  A revenant (Crypt:3)
  9 nagarajas
  17 azure jellies
  7 tengu reavers
  30 vault wardens
  An orc warlord (Orc:1)
  18 iron dragons
  2 draconian scorchers (Zot:4)
  9 deep elf sorcerers
  9 fire giants
  3 draconian knights
  A ghoul (Crypt:3)
  Aizul (Depths:2)
  3 balrugs
  15 frost giants
  2 caustic shrike zombies
  3 draconian shifters
  2 ghost moths
  A curse skull (Crypt:2)
  3 angels
  3 draconian stormcallers
  5 spriggan defenders
  4 deep elf elementalists
  5 elemental wellsprings
  An ophan (Abyss:3)
  14 war gargoyles
  10 very ugly things
  15 vampire knights
  2 draconian annihilators
  44 reapers
  11 ironheart preservers
  The ghost of norpluasaurus the Severer, a journeyman HOFi of Okawaru (Orc:2)
  26 stone giants
  6 deep elf demonologists
  27 starcursed masses
  14 deep elf annihilators
  A lorocyproca (Abyss:1)
  11 green draconians
  10 black draconians
  2 dire elephants
  11 purple draconians
  8 white draconians
  8 red draconians
  6 yellow draconians
  3 spark wasps
  11 deep elf death magi
  A crystal guardian (Vaults:4)
  10 blizzard demons
  8 mummy priests (Tomb:1)
  A green death (Dis:7)
  19 ettins
  2 eidola
  4 death oozes (Slime:5)
  Josephine (Lair:5)
  5 merfolk javelineers (Shoals:4)
  9 deep elf high priests
  7 merfolk impalers
  5 quicksilver dragon zombies
  20 jiangshi
  28 great orbs of eyes
  2 kraken zombies
  9 fire dragons
  12 ogre magi
  16 ice dragons
  15 naga warriors
  13 yaktaur captains
  An ice dragon (shapeshifter) (Depths:5)
  7 rakshasas
  5 ghost crabs
  50 vault guards
  4 hydras
  4 spriggan air magi
  4 centaur warriors
  2 hell beasts
  A caustic shrike simulacrum (Elf:1)
  An anaconda (shapeshifter) (Depths:4)
  5 anacondas
  4 merfolk avatars
  A juggernaut simulacrum (Elf:1)
  4 merfolk aquamancers
  A catoblepas (D:15)
  2 satyrs (Shoals:4)
  A two-headed ogre (shapeshifter) (Vaults:5)
  9 death knights
  16 dancing weapons
  2 tengu warriors
  8 deep troll earth magi
  8 deep troll shamans
  28 two-headed ogres
  2 death scarabs
  21 thrashing horrors
  11 vampire magi
  8 hell hogs
  15 deep elf knights
  5 spriggan berserkers
  11 shock serpents
  An orc high priest (Depths:2)
  10 storm dragon zombies
  8 soul eaters
  12 naga sharpshooters
  4 titan zombies
  18 wretched stars
  7 titan skeletons
  5 sixfirhies
  4 sun demons
  2 salamander mystics
  11 spriggans
  5 shadow wraiths
  13 hell knights
  10 iron golems
  2 spark wasp zombies (Hell)
  7 anaconda zombies
  12 iron trolls
  A death drake (Elf:1)
  11 glowing orange brains
  18 sea snakes
  6 ghost moth zombies
  136 skeletal warriors
  21 deep trolls
  3 storm dragon skeletons
  16 shadow demons
  A glowing orange brain (shapeshifter) (Abyss:2)
  16 flayed ghosts
  A sea snake (shapeshifter) (Vaults:5)
  24 ironbrand convokers
  6 unseen horrors
  4 golden dragon zombies
  4 anaconda skeletons
  12 naga ritualists
  7 wolf spider zombies
  4 wizards
  15 necromancers
  Pikel (D:5)
  A lindwurm (shapeshifter) (D:15)
  A tengu zombie (Hell)
  15 deep elf archers
  2 harpies (shapeshifter)
  24 phantasmal warriors
  3 shadow dragon zombies
  9 wolf spiders
  18 harpies
  5 shadow dragon skeletons
  70 deep elf magi
  2 orc sorcerers
  18 manticores
  11 moths of wrath
  An orb spider (Abyss:3)
  6 fire giant zombies
  17 mana vipers
  21 orc knights
  8 shining eyes
  10 worldbinders
  5 stone giant zombies
  2 fauns
  10 iron dragon zombies
  30 ugly things
  4 frost giant zombies
  10 salamanders
  10 cyclopes
  3 iron dragon skeletons
  24 vault sentinels
  5 fire giant skeletons
  33 rust devils
  4 ice statues
  6 merfolk sirens
  6 guardian serpents
  5 elephants (Lair:6)
  An apocalypse crab (Abyss:1)
  2 stone giant skeletons
  5 dire elephant skeletons
  3 frost giant skeletons
  35 black mambas
  A molten gargoyle (Hell)
  5 water nymphs
  3 eyes of devastation
  32 naga magi
  4 orange demons
  A gargoyle (D:12)
  18 smoke demons
  4 rime drakes
  15 spiny frogs
  A spriggan skeleton (Elf:1)
  A kobold demonologist (D:15)
  2 dire elephant zombies
  A storm dragon simulacrum (Elf:1)
  A rime drake (shapeshifter) (Vaults:5)
  3 anaconda simulacra
  A demonic crawler (Abyss:1)
  An elf skeleton (Elf:1)
  9 hellions
  11 komodo dragons
  28 tormentors
  44 freezing wraiths
  74 yaktaurs
  47 ice devils
  11 ancient zymes
  3 efreet
  A golden dragon simulacrum (Coc:3)
  5 hellwings
  11 guardian mummies
  8 red devils
  13 hydra zombies
  3 tengu conjurers
  A meliai (shapeshifter) (Vaults:1)
  A polar bear (Lair:5)
  A silent spectre (Tar:4)
  2 trolls (shapeshifter)
  A jumping spider (shapeshifter) (Vaults:5)
  2 harpy zombies
  A queen bee (D:10)
  8 trolls
  19 merfolk
  28 raiju
  120 slime creatures
  8 alligator zombies
  8 ettin zombies
  2 wind drakes
  2 fire dragon zombies
  19 hornets
  9 blink frogs
  3 harpy skeletons
  10 dream sheep
  A blink frog (shapeshifter) (Vaults:4)
  3 ice dragon zombies
  A raiju (shapeshifter) (Elf:1)
  6 snapping turtles
  A spectral swamp dragon (Crypt:3)
  4 hydra skeletons
  A snapping turtle (shapeshifter) (Depths:3)
  2 black mamba zombies
  46 large abominations
  4 spriggan zombies (Hell)
  10 hippogriffs
  The ghost of blobert the Cudgeler, an amateur GrFi (D:3)
  104 flying skulls
  3 ettin skeletons
  7 air elementals
  4 redbacks (Elf:1)
  7 wyverns
  A vampire (D:14)
  2 ushabtiu (Tomb:1)
  A spriggan (shapeshifter) (Depths:4)
  42 shadows
  2 dire elephant simulacra
  2 ice dragon skeletons
  17 yaks
  15 humans (D:13)
  27 wraiths
  5 ynoxinuls
  3 alligator skeletons
  8 fire elementals
  38 water elementals
  A basilisk (Lair:5)
  5 golden eyes
  7 chaos spawn
  2 fire dragon skeletons
  8 hungry ghosts
  6 vampire mosquitoes
  4 neqoxecs
  Menkaure (Ossuary)
  A spatial vortex (Abyss:3)
  11 insubstantial wisps
  66 nagas
  4 hydra simulacra
  5 wargs
  5 harpy simulacra
  A merfolk zombie (Coc:4)
  A two-headed ogre zombie (Crypt:2)
  Edmund (D:5)
  A swamp worm (shapeshifter) (Vaults:5)
  An acid dragon (Vaults:2)
  Duvessa (D:5)
  13 ice beasts
  9 water moccasins
  4 floating eyes
  9 spiny frog skeletons
  A faun skeleton (Crypt:1)
  20 hell hounds
  9 porcupines
  61 orc warriors
  11 spiny frog zombies
  6 swamp dragon zombies
  A swamp drake (D:12)
  8 sky beasts
  5 black bears
  14 eyes of draining
  A manticore zombie (Dis:3)
  3 ettin simulacra
  10 phantoms
  2 slaves (D:4)
  24 ogres
  4 snapping turtle zombies
  A tengu (shapeshifter) (Depths:4)
  An alligator simulacrum (Coc:2)
  14 boggarts
  24 necrophages
  36 wolves
  24 centaurs
  An eye of draining (shapeshifter) (Vaults:2)
  A manticore skeleton (Tar:1)
  A swamp dragon skeleton (Coc:1)
  3 snapping turtle skeletons
  A crocodile (shapeshifter) (Vaults:5)
  8 crocodiles
  10 big kobolds
  5 elf zombies
  28 small abominations
  18 bullfrogs
  A bullfrog (shapeshifter) (Vaults:5)
  5 earth elementals
  A gnoll sergeant (Orc:2)
  A hippogriff skeleton (Crypt:1)
  Dowan (D:5)
  A glowing shapeshifter simulacrum (Vaults:1)
  A wyvern skeleton (Crypt:1)
  A spiny frog simulacrum (Coc:7)
  6 scorpions
  A troll zombie (Ossuary)
  A warg skeleton (Crypt:2)
  An elephant simulacrum (Elf:1)
  23 killer bees
  A queen bee zombie (Crypt:1)
  43 wights
  A troll skeleton (Crypt:1)
  8 howler monkeys
  10 electric eels
  15 crimson imps
  3 human simulacra (Vaults:1)
  23 orc priests
  4 centaur zombies
  3 bullfrog zombies
  6 hounds
  4 quasits
  Crazy Yiuf (D:5)
  A black bear zombie (Crypt:2)
  5 centaur skeletons
  5 human zombies
  4 jellies
  3 bullfrog skeletons
  34 iron imps
  2 iguanas
  27 orc wizards
  A human skeleton (Tar:3)
  4 lightning spires (Elf:1)
  17 hell rats
  A killer bee zombie (Crypt:1)
  11 worker ants
  3 troll simulacra (Elf:1)
  2 ogre zombies (Ossuary)
  A big kobold zombie (Ossuary)
  An acid dragon skeleton (Crypt:2)
  A hound zombie (D:7)
  31 mummies
  A worker ant zombie (D:11)
  11 gnolls
  20 adders
  A howler monkey skeleton (Crypt:1)
  A naga simulacrum (Elf:1)
  2 river rats (Sewer)
  A swamp drake skeleton (Crypt:2)
  28 shadow imps
  26 white imps
  5 ufetubi
  An ooze (D:3)
  5 adder zombies
  A lava snake skeleton (Crypt:2)
  2 adder skeletons (D:7)
  An iguana skeleton (Crypt:2)
  2 worms
  3 dart slugs
  4 leopard geckos
  106 orcs
  8 giant cockroaches
  7 goblins
  7 hobgoblins
  8 jackals
  6 quokkas
  3 bats
  9 frilled lizards
  2 gnoll zombies (Ossuary)
  2 goblin zombies (Ossuary)
  6 hobgoblin zombies (Ossuary)
  2 jackal zombies
  14 kobolds
  A kobold skeleton (Tar:3)
  2 kobold zombies (Ossuary)
  A leopard gecko skeleton (D:5)
  An orc zombie (Ossuary)
  A quokka skeleton (Crypt:2)
  5 quokka zombies
  13 rats
  3 rat zombies (Ossuary)
  4 crawling corpses
  2 fire vortices
  A lurking horror (Abyss:1)
  2 macabre masses (Elf:1)
  3 plants
  9 starspawn tentacles
  3 tentacles
4151 creatures vanquished.

Vanquished Creatures (collateral kills)
  The ghost of mynamjef the Petrodigitator, a legendary DEWz of Vehumet (Tomb:1)
  A lich (Abyss:1)
  A sphinx (Tomb:1)
  An Executioner (Tar:7)
  An orc warlord (D:11)
  A reaper (Dis:3)
  A blizzard demon (Abyss:1)
  A mummy priest (Hell)
  A rakshasa (Abyss:3)
  A storm dragon zombie (Dis:6)
  A golden dragon zombie (Dis:7)
  A dire elephant zombie (Dis:5)
  A shock serpent zombie (Dis:7)
  A stone giant skeleton (Tar:4)
  A dire elephant skeleton (Coc:6)
  A hellion (Hell)
  2 yaktaurs (Vaults:4)
  A hydra zombie (Coc:5)
  A guardian mummy (Tomb:1)
  A merfolk (Lair:4)
  A wight (Dis:3)
  An iron imp (Dis:7)
  A white imp (Abyss:3)
  An orc zombie (Dis:3)
25 creatures vanquished.

Vanquished Creatures (others)
  3 eldritch tentacles
  A fire giant (Depths:3)
  An ironheart preserver (Vaults:1)
  2 stone giants
  3 yaktaur captains
  A naga warrior (Snake:4)
  4 centaur warriors
  A satyr (Shoals:4)
  3 death scarabs (Tomb:2)
  6 naga sharpshooters
  A shadow wraith (Vaults:5)
  2 deep elf magi (Elf:1)
  An ugly thing (Depths:1)
  A cyclops (D:14)
  A faun (Shoals:1)
  A moth of wrath (Zot:2)
  A vault sentinel (Vaults:4)
  9 yaktaurs
  An iron dragon simulacrum (Abyss:3)
  A frost giant simulacrum (Abyss:3)
  4 small abominations
  A water elemental (Coc:6)
  A hell hound (Hell)
  A large abomination (Abyss:3)
  A slave (D:5)
  A centaur (Orc:2)
  An orc wizard (D:5)
  An ufetubus (Abyss:3)
  A ball lightning (Elf:1)
  2 orcs
  A quokka (D:3)
  A kobold simulacrum (Abyss:3)
  A quokka skeleton (D:5)
  A block of ice (Dis:5)
  14 bushes (D:15)
  178 fire vortices
  17 fungi
  3 lurking horrors
  37 plants
  35 starspawn tentacles
  5 tentacles
351 creatures vanquished.

Grand Total: 4527 creatures vanquished

Notes
Turn   | Place    | Note
-------+----------+-------------------------------------------
     0 | D:1      | Indrix the Naga Fire Elementalist began the quest for the Orb.
     0 | D:1      | Reached XP level 1. HP: 15/15 MP: 3/3
   114 | D:1      | Reached XP level 2. HP: 22/22 MP: 3/5
   438 | D:1      | Reached XP level 3. HP: 28/28 MP: 6/6
   981 | D:2      | Reached XP level 4. HP: 14/36 MP: 4/8
  1552 | D:2      | Reached skill level 3 in Spellcasting
  1698 | D:2      | Found a shattered altar of Ashenzari.
  1698 | D:2      | Found an iron altar of Okawaru.
  1825 | D:2      | Found a hazy altar of Hepliaklqana.
  2079 | D:3      | Noticed blobert's ghost (amateur GrFi)
  2082 | D:3      | Found a stormy altar of Qazlal.
  2097 | D:3      | HP: 1/36 [blobert's ghost (13)]
  2098 | D:3      | Found a white marble altar of Elyvilon.
  2298 | D:4      | Found a hide-covered altar of Uskayaw.
  2375 | D:4      | Found a glowing drain.
  2382 | D:4      | Found the +2 ratskin cloak {+Rats rPois rN+ Str-1 Int-1 Dex+1}
  2411 | D:4      | Reached XP level 5. HP: 42/42 MP: 5/9
  2456 | D:4      | Learned a level 2 spell: Throw Flame
  2457 | Sewer    | Entered a sewer
  2524 | Sewer    | Learned a level 4 spell: Sticky Flame
  2537 | Sewer    | Noticed a big kobold
  2550 | Sewer    | Killed a big kobold
  2550 | Sewer    | Reached XP level 6. HP: 41/49 MP: 6/11
  2720 | Sewer    | Found a white marble altar of Elyvilon.
  3210 | D:4      | Found a staircase to the Ecumenical Temple.
  3236 | Temple   | Entered the Ecumenical Temple
  3664 | D:4      | Reached skill level 4 in Spellcasting
  3869 | D:4      | Found a stormy altar of Qazlal.
  3929 | D:4      | Found a sacrificial altar of Ru.
  4083 | D:5      | Entered Level 5 of the Dungeon
  4091 | D:5      | Noticed a slave
  4091 | D:5      | Noticed a slave
  4099 | D:5      | Noticed Pikel
  4116 | D:4      | Killed a slave
  4120 | D:4      | Killed a slave
  4412 | D:5      | Reached skill level 1 in Fighting
  4481 | D:5      | Reached XP level 7. HP: 61/61 MP: 4/13
  4568 | D:5      | Killed Pikel
  4568 | D:5      | Reached skill level 5 in Fighting
  4568 | D:5      | Reached XP level 8. HP: 68/76 MP: 5/14
  4649 | D:5      | Noticed Edmund
  4667 | D:5      | Killed Edmund
  4803 | D:5      | Noticed Duvessa
  4911 | D:5      | Noticed Dowan
  4930 | D:5      | Killed Duvessa
  4948 | D:5      | Killed Dowan
  5635 | D:5      | Found a runed door.
  5639 | D:5      | Noticed Crazy Yiuf
  5644 | D:5      | Killed Crazy Yiuf
  5890 | D:6      | Noticed a hippogriff
  5897 | D:6      | Killed a hippogriff
  5897 | D:6      | Reached XP level 9. HP: 86/90 MP: 7/15
  6084 | D:6      | Noticed Sigmund
  6101 | D:6      | Reached skill level 10 in Fighting
  6181 | D:6      | Got a jewelled mace
  6183 | D:6      | Identified the +7 mace of Skirmishing {pain, rC++} (You found it on level 6 of the Dungeon)
  6249 | D:6      | Found a sand-covered staircase.
  6253 | Ossuary  | Entered an ossuary
  6866 | Ossuary  | Noticed Menkaure
  6971 | Ossuary  | Killed Menkaure
  7837 | D:7      | Reached XP level 10. HP: 95/106 MP: 16/16
  7867 | D:7      | Found a stormy altar of Qazlal.
  8185 | D:7      | Gained mutation: Your tail ends in a poisonous barb. [mutagenic meat]
  8187 | D:7      | Gained mutation: You are partially covered in yellow scales. (AC +2) [mutagenic meat]
  8576 | D:7      | Got an ancient dagger
  8579 | D:7      | Identified the +3 dagger of the Whelk {vamp, rC+ Stlth+} (You found it on level 7 of the Dungeon)
  8999 | D:7      | Found a blossoming altar of Fedhas.
  9663 | D:3      | Killed blobert's ghost
  9663 | D:3      | Reached skill level 1 in Evocations
  9963 | D:8      | Found a glowing golden altar of the Shining One.
  9992 | D:8      | Gained mutation: Your mind is acute. (Int +2) [mutagenic meat]
 10193 | D:8      | Noticed a two-headed ogre
 10212 | D:8      | Killed a two-headed ogre
 10322 | D:8      | Found a bloodstained altar of Trog.
 10407 | D:8      | Found a deep blue altar of Sif Muna.
 10417 | D:8      | Reached skill level 5 in Spellcasting
 10421 | D:8      | Reached skill level 5 in Conjurations
 10533 | D:8      | You fall through a shaft for 3 floors!
 10540 | D:10     | Entered Level 10 of the Dungeon
 10752 | D:8      | Reached XP level 11. HP: 116/117 MP: 11/18
 10784 | D:8      | Found a shadowy altar of Dithmenos.
 10812 | D:8      | Found a radiant altar of Vehumet.
 10818 | D:8      | Became a worshipper of Vehumet
 10968 | D:9      | Learned a level 5 spell: Fireball
 11933 | D:10     | Reached * piety under Vehumet
 11933 | D:10     | Offered knowledge of Magic Dart by Vehumet.
 12278 | D:10     | Gained mutation: Your body sometimes deteriorates upon taking damage. [mutagenic meat]
 12279 | D:10     | Gained mutation: You expend magic power (3 MP) to strengthen your wands. [mutagenic meat]
 12280 | D:10     | Gained mutation: Your magical capacity is low. (-10% MP) [mutagenic meat]
 12281 | D:10     | Gained mutation: Your magical capacity is very low. (-20% MP) [mutagenic meat]
 12282 | D:10     | Gained mutation: You tend to lose your temper in combat. [mutagenic meat]
 12283 | D:10     | Lost mutation: You expend magic power (3 MP) to strengthen your wands. [mutagenic meat]
 12284 | D:10     | Lost mutation: You are partially covered in yellow scales. (AC +2) [potion of mutation]
 12284 | D:10     | Lost mutation: Your mind is acute. (Int +2) [potion of mutation]
 12284 | D:10     | Lost mutation: Your body sometimes deteriorates upon taking damage. [potion of mutation]
 12284 | D:10     | Gained mutation: You are weak. (Str -2) [potion of mutation]
 12284 | D:10     | Gained mutation: You have a somewhat thin skeletal structure. (Dex +2, Stealth) [potion of mutation]
 12926 | D:11     | Noticed a two-headed ogre
 12948 | D:11     | Noticed a green ugly thing
 12956 | D:10     | Killed a green ugly thing
 12960 | D:10     | Lost mutation: You are weak. (Str -2) [mutagenic meat]
 12961 | D:10     | Gained mutation: Your mind is acute. (Int +2) [mutagenic meat]
 12962 | D:10     | Gained mutation: You do not regenerate when monsters are visible. [mutagenic meat]
 12963 | D:10     | Gained mutation: You evolve. [mutagenic meat]
 12976 | D:10     | Lost mutation: Your mind is acute. (Int +2) [evolution]
 13050 | D:11     | Killed a two-headed ogre
 13050 | D:11     | Reached skill level 6 in Spellcasting
 13080 | D:11     | HP: 1/117 [komodo dragon (15)]
 13549 | D:11     | Found a staircase to the Lair.
 13642 | D:11     | Noticed an unseen horror
 13659 | D:11     | Noticed a manticore
 13676 | D:11     | Killed an unseen horror
 13676 | D:11     | Reached skill level 5 in Evocations
 13920 | D:11     | Killed a manticore
 14372 | D:11     | Noticed a centaur warrior
 14384 | D:11     | Killed a centaur warrior
 14666 | D:11     | Noticed a two-headed ogre
 14674 | D:11     | Killed a two-headed ogre
 14722 | D:11     | Reached XP level 12. HP: 127/127 MP: 13/17
 14796 | D:11     | Found a portal to a secret trove of treasure.
 14866 | D:11     | Noticed a centaur warrior
 14883 | D:11     | Killed a centaur warrior
 14883 | D:11     | Reached skill level 7 in Spellcasting
 14893 | D:11     | Noticed a deep elf knight
 15539 | D:11     | Noticed a two-headed ogre
 15546 | D:11     | Killed a two-headed ogre
 15883 | D:11     | Noticed an orc warlord
 16256 | Lair:1   | Entered Level 1 of the Lair of Beasts
 16337 | Lair:1   | Reached ** piety under Vehumet
 16337 | Lair:1   | Offered knowledge of Freeze by Vehumet.
 16522 | Lair:1   | Learned a level 1 spell: Freeze
 16529 | Lair:1   | Noticed a four-headed hydra
 16754 | Lair:1   | Killed a four-headed hydra
 16770 | Lair:1   | HP: 6/128 [spiny frog (13)]
 17274 | Lair:1   | Gained mutation: You are agile. (Dex +2) [evolution]
 17521 | Lair:2   | Noticed a four-headed hydra
 17540 | Lair:2   | Killed a four-headed hydra
 17540 | Lair:2   | Reached skill level 8 in Spellcasting
 18416 | Lair:2   | Offered knowledge of Throw Frost by Vehumet.
 18975 | Lair:2   | Reached *** piety under Vehumet
 18975 | Lair:2   | Gained mutation: You can use your snake-like lower body to constrict enemies. [Naga growth]
 18975 | Lair:2   | Reached XP level 13. HP: 120/135 MP: 12/20
 19820 | Lair:2   | Reached skill level 9 in Spellcasting
 20319 | Lair:3   | Offered knowledge of Throw Icicle by Vehumet.
 20392 | Lair:3   | Upgraded the game from 0.21-a0-421-gfc1ce30 to 0.21-a0-426-g98080a9
 20590 | Lair:3   | Lost mutation: Your magical capacity is very low. (-20% MP) [evolution]
 21225 | Lair:3   | Found a staircase to the Snake Pit.
 21797 | Lair:3   | Reached skill level 10 in Conjurations
 21916 | Lair:4   | Reached skill level 5 in Fire Magic
 21920 | Lair:4   | Reached skill level 1 in Ice Magic
 22184 | Lair:4   | Reached **** piety under Vehumet
 22485 | Lair:4   | Offered knowledge of Static Discharge by Vehumet.
 22749 | Lair:4   | Found a staircase to the Shoals.
 23248 | Lair:5   | Found a viscous altar of Jiyva.
 23249 | Lair:5   | Found a staircase to the Slime Pits.
 23372 | Lair:5   | Noticed Josephine
 24377 | Lair:5   | Killed Josephine
 24377 | Lair:5   | Reached skill level 10 in Spellcasting
 24870 | Lair:6   | Entered Level 6 of the Lair of Beasts
 25223 | Lair:6   | Noticed a dire elephant
 25376 | Lair:6   | Reached XP level 14. HP: 95/145 MP: 15/25
 26600 | Lair:6   | Gained mutation: You have a pair of small horns on your head. [evolution]
 26600 | Lair:6   | Lost mutation: You evolve. [end of evolution]
 26986 | Lair:6   | Got a twisted mace
 27001 | Lair:6   | Identified the cursed +1 mace "Othruet" {crush, Stlth+} (You found it on level 6 of the Lair of Beasts)
 27200 | Lair:6   | Reached skill level 5 in Ice Magic
 27230 | Lair:6   | Identified 2 scrolls of acquirement
 27468 | Lair:6   | Killed a dire elephant
 28325 | Lair:1   | Learned a level 1 spell: Apportation
 28516 | D:11     | Got an uncursed scorched executioner's axe {holy}
 28517 | D:11     | Identified the +2 executioner's axe "Impslayer" {holy, +Rage} (You took it off an orc warrior on level 11 of the Dungeon)
 28693 | D:11     | Killed an orc warlord
 29177 | D:11     | Found the +6 lightning scales {run, rElec}
 29215 | D:11     | Found an iron altar of Okawaru.
 29944 | D:12     | Reached ***** piety under Vehumet
 29981 | D:12     | Offered knowledge of Iskenderun's Mystic Blast by Vehumet.
 29986 | D:12     | Found a staircase to the Orcish Mines.
 30234 | D:13     | Gained mutation: You are dopey. (Int -2) [mutagenic meat]
 30235 | D:13     | Gained mutation: You are partially covered in molten scales. (AC +2) [mutagenic meat]
 30236 | D:13     | Lost mutation: You are agile. (Dex +2) [mutagenic meat]
 30717 | D:13     | Reached skill level 11 in Spellcasting
 30905 | D:13     | Reached skill level 5 in Shields
 30905 | D:13     | Reached XP level 15. HP: 152/152 MP: 27/27
 30906 | D:13     | Reached skill level 5 in Translocations
 30906 | D:13     | Reached XP level 16. HP: 160/160 MP: 27/27
 31045 | D:13     | Found a gate to the Vaults.
 32310 | D:14     | Reached XP level 17. HP: 168/168 MP: 29/29
 32751 | D:14     | Lost mutation: Your magical capacity is low. (-10% MP) [potion of mutation]
 32751 | D:14     | Lost mutation: You tend to lose your temper in combat. [potion of mutation]
 32751 | D:14     | Lost mutation: You are partially covered in molten scales. (AC +2) [potion of mutation]
 32751 | D:14     | Gained mutation: You are agile. (Dex +2) [potion of mutation]
 32752 | D:14     | Lost mutation: You are dopey. (Int -2) [potion of mutation]
 32752 | D:14     | Lost mutation: Your tail ends in a poisonous barb. [potion of mutation]
 32752 | D:14     | Lost mutation: You have a pair of small horns on your head. [potion of mutation]
 32752 | D:14     | Gained mutation: Your mind is acute. (Int +2) [potion of mutation]
 32752 | D:14     | Gained mutation: You have a pair of small horns on your head. [potion of mutation]
 32752 | D:14     | Gained mutation: You are weak. (Str -2) [potion of mutation]
 32752 | D:14     | Gained mutation: You have a moderately thin skeletal structure. (Dex +4, Stealth+) [potion of mutation]
 32753 | D:14     | Lost mutation: You do not regenerate when monsters are visible. [potion of mutation]
 32753 | D:14     | Lost mutation: You have a pair of small horns on your head. [potion of mutation]
 32753 | D:14     | Lost mutation: You are agile. (Dex +2) [potion of mutation]
 32753 | D:14     | Lost mutation: Your mind is acute. (Int +2) [potion of mutation]
 32753 | D:14     | Gained mutation: You do not regenerate when monsters are visible. [potion of mutation]
 32753 | D:14     | Gained mutation: Your spells are a little harder to cast, but a little more powerful. [potion of mutation]
 34361 | D:15     | Entered Level 15 of the Dungeon
 34877 | D:15     | Gained mutation: You are frail. (-10% HP) [mutagenic meat]
 34878 | D:15     | Gained mutation: You have a pair of small horns on your head. [mutagenic meat]
 34880 | D:15     | Gained mutation: You are resistant to hostile enchantments. (MR+) [mutagenic meat]
 34881 | D:15     | Lost mutation: You are weak. (Str -2) [mutagenic meat]
 34882 | D:15     | Gained mutation: Your tail ends in a poisonous barb. [mutagenic meat]
 35383 | D:15     | Offered knowledge of Irradiate by Vehumet.
 35396 | D:15     | Learned a level 5 spell: Irradiate
 36233 | D:15     | Found a staircase to the Depths.
 36391 | Orc:1    | Entered Level 1 of the Orcish Mines
 36728 | Orc:1    | Reached skill level 12 in Spellcasting
 37186 | Orc:2    | Entered Level 2 of the Orcish Mines
 37216 | Orc:2    | Offered knowledge of Freezing Cloud by Vehumet.
 37216 | Orc:2    | Reached skill level 10 in Fire Magic
 37265 | Orc:2    | Found a staircase to the Elven Halls.
 37450 | Orc:2    | Noticed norpluasaurus's ghost (journeyman HOFi)
 37511 | Orc:2    | Killed norpluasaurus's ghost
 38347 | Orc:2    | Found Uppiakk's Armour Shoppe.
 38356 | Orc:2    | Found Rerad's Gadget Boutique.
 38645 | Orc:2    | Learned a level 6 spell: Freezing Cloud
 38835 | Orc:2    | Found Rekuez's Book Emporium.
 38835 | Orc:2    | Found Qilloafoi's Magic Scroll Boutique.
 38837 | Orc:2    | Found Weopysm's General Store.
 38839 | Orc:2    | Found Mioris's Antique Weapon Shoppe.
 38846 | Orc:2    | Bought a scroll of teleportation for 48 gold pieces
 38846 | Orc:2    | Bought a scroll of immolation for 56 gold pieces
 38846 | Orc:2    | Bought a scroll of identify for 32 gold pieces
 38846 | Orc:2    | Bought a scroll of identify for 32 gold pieces
 38846 | Orc:2    | Bought a scroll of identify for 32 gold pieces
 38846 | Orc:2    | Bought a scroll of magic mapping for 56 gold pieces
 38860 | Orc:2    | Bought a potion of heal wounds for 85 gold pieces
 39165 | Snake:1  | Entered Level 1 of the Snake Pit
 39257 | Snake:1  | Found Syvvayra's Assorted Antiques.
 39267 | Snake:1  | Bought a scroll of blinking for 277 gold pieces
 39469 | Snake:1  | Reached skill level 15 in Fighting
 39745 | Snake:1  | Offered knowledge of Poison Arrow by Vehumet.
 41416 | Snake:2  | Found Hathrad's Weapon Emporium.
 41436 | Snake:2  | Reached XP level 18. HP: 157/160 MP: 10/34
 41980 | Snake:2  | Noticed Kirke
 41983 | Snake:2  | Killed Kirke
 42040 | Snake:2  | Noticed Donald
 42051 | Snake:2  | Killed Donald
 42564 | Snake:2  | Gained mutation: You possess an exceptional clarity of mind. [mutagenic meat]
 42579 | Snake:2  | Gained mutation: You are highly resistant to hostile enchantments. (MR++) [mutagenic meat]
 42893 | Snake:3  | Found Ovviluo's Book Boutique.
 42893 | Snake:3  | Found Sufuw's Weapon Shop.
 42894 | Snake:3  | Found Nuutyl's Armour Shop.
 42896 | Snake:3  | Found Jaaruef's Distillery.
 43081 | Snake:3  | Bought a potion of heal wounds for 95 gold pieces
 43081 | Snake:3  | Bought a potion of haste for 190 gold pieces
 43081 | Snake:3  | Bought a potion of curing for 57 gold pieces
 43081 | Snake:3  | Bought a potion of heal wounds for 95 gold pieces
 43863 | Snake:3  | Got a brightly glowing cloak
 43874 | Snake:3  | Identified the +1 cloak of Optimism {MR+ rCorr Str+6 Dex-3} (You found it on level 3 of the Snake Pit)
 44049 | Snake:4  | Entered Level 4 of the Snake Pit
 44500 | Snake:4  | Offered knowledge of Bolt of Fire by Vehumet.
 44508 | Snake:4  | Learned a level 6 spell: Bolt of Fire
 46993 | Snake:4  | Reached XP level 19. HP: 169/169 MP: 35/35
 47310 | Snake:4  | Reached skill level 10 in Ice Magic
 47609 | Snake:4  | Offered knowledge of Orb of Destruction by Vehumet.
 47710 | Snake:4  | Got a serpentine rune of Zot
 48281 | Elf:1    | Entered Level 1 of the Elven Halls
 48658 | Elf:1    | Identified the Catalogue of Necromancy
 48810 | Elf:1    | Noticed Agnes
 48818 | Elf:1    | Killed Agnes
 49335 | Elf:1    | Identified the Catalogue of Snow
 49415 | Elf:1    | Noticed a bone dragon
 49441 | Elf:1    | Killed a bone dragon
 49441 | Elf:1    | Reached skill level 10 in Shields
 50299 | Elf:1    | Offered knowledge of Bolt of Cold by Vehumet.
 50305 | Elf:1    | Identified the Guide on Venom
 50755 | Elf:1    | Identified the Handbook of Summoning
 50881 | Elf:1    | Reached skill level 13 in Spellcasting
 50987 | Elf:1    | Reached XP level 20. HP: 180/180 MP: 20/37
 51100 | Elf:1    | Identified the Collected Works on Black Magic
 51107 | Elf:1    | Learned a level 3 spell: Regeneration
 51374 | Elf:1    | Identified the Disquisition on Air
 51436 | Elf:2    | Noticed Asterion
 51444 | Elf:1    | Reached skill level 1 in Necromancy
 51829 | Elf:2    | Killed Asterion
 51893 | Elf:2    | Found a frozen archway.
 51905 | IceCv    | Entered an ice cave
 52550 | Elf:2    | Found a runed gate.
 52551 | Elf:2    | Found a runed gate.
 52552 | Elf:2    | Found a runed gate.
 52823 | Elf:2    | Upgraded the game from 0.21-a0-426-g98080a9 to 0.21-a0-434-g806c6c2
 53094 | Depths:1 | Entered Level 1 of the Depths
 53345 | Depths:1 | Found Figimaa's Demolitions Depot.
 53487 | Depths:1 | Found a gateway to Hell.
 53498 | Depths:1 | Noticed Mara
 53710 | Depths:1 | Killed Mara
 54069 | Depths:1 | Found Cib Osef's Gadget Shoppe.
 54070 | Depths:1 | Found Zuvusyop's Jewellery Boutique.
 54072 | Depths:1 | Found Vada's Gadget Shoppe.
 54081 | Depths:1 | Bought a wand of digging (16/24) for 760 gold pieces
 54152 | Depths:1 | Reached ****** piety under Vehumet
 54408 | Depths:1 | Gained mutation: You have a pair of horns on your head. [mutagenic meat]
 54409 | Depths:1 | Gained mutation: You are covered in fur. (AC +1) [mutagenic meat]
 54410 | Depths:1 | Lost mutation: Your tail ends in a poisonous barb. [mutagenic meat]
 54411 | Depths:1 | Lost mutation: You are highly resistant to hostile enchantments. (MR++) [mutagenic meat]
 54523 | Depths:1 | Offered knowledge of Lehudib's Crystal Spear by Vehumet.
 54523 | Depths:1 | Offered knowledge of Shatter by Vehumet.
 54523 | Depths:1 | Offered knowledge of Ignition by Vehumet.
 54958 | Depths:2 | Noticed Aizul
 55180 | Depths:2 | Killed Aizul
 55461 | Depths:2 | Reached skill level 5 in Necromancy
 56148 | Depths:2 | Reached XP level 21. HP: 189/189 MP: 28/38
 57154 | Depths:2 | Reached skill level 14 in Spellcasting
 57296 | Depths:2 | Noticed Sojobo
 58034 | Depths:1 | Bought an uncursed amulet of faith for 800 gold pieces
 58088 | Depths:2 | Reached skill level 15 in Conjurations
 58823 | Depths:1 | Learned a level 2 spell: Blink
 58950 | Depths:2 | Found a hide-covered altar of Uskayaw.
 59608 | D:11     | You paid a toll of 22 scrolls of identify to enter a treasure trove
 59609 | Trove    | Entered a treasure trove
 59658 | Trove    | Found the brooch of Shielding {Reflect SH+8}
 59661 | Trove    | Got a smoking jade amulet
 59663 | Trove    | Got a brightly glowing platinum amulet
 59703 | Trove    | Got a slimy naga barding
 59756 | D:11     | Identified the -3 naga barding of Follow the Leader {Str+3 Dex+2 Slay+3} (You found it in a treasure trove)
 59809 | D:11     | Identified the amulet of Gafe {Faith rElec rF- Str+4 Stlth+} (You found it in a treasure trove)
 59811 | D:11     | Identified the amulet of the Final Decision {Harm *Drain rElec} (You found it in a treasure trove)
 59853 | D:11     | Upgraded the game from 0.21-a0-434-g806c6c2 to 0.21-a0-437-ge5bf024
 60010 | Shoals:1 | Entered Level 1 of the Shoals
 60236 | Shoals:1 | Got a scintillating iron ring
 60243 | Shoals:1 | Identified the ring of Roichosu {+Fly rElec MR- Str+5} (You acquired it on level 1 of the Shoals)
 60970 | Shoals:3 | Found Wiotu's Book Boutique.
 61163 | Shoals:4 | Entered Level 4 of the Shoals
 61613 | Shoals:4 | Noticed Ilsuiw
 62257 | Shoals:4 | Reached XP level 22. HP: 199/199 MP: 21/40
 62450 | Shoals:4 | Got a scorched lead ring
 62451 | Shoals:4 | Identified the ring of Haxuzele {+Inv +Fly rPois} (You took it off a merfolk impaler on level 4 of the Shoals)
 62587 | Shoals:4 | Found Wadadd's Jewellery Boutique.
 62603 | Shoals:4 | Killed Ilsuiw
 62609 | Shoals:4 | Bought a cursed ring of teleportation for 81 gold pieces
 62908 | Shoals:4 | Got a barnacled rune of Zot
 63222 | Vaults:1 | Entered Level 1 of the Vaults
 63613 | Vaults:1 | Found Sofie's Antique Weapon Boutique.
 63720 | Vaults:1 | Upgraded the game from 0.21-a0-437-ge5bf024 to 0.21-a0-440-g28109cb
 63736 | Vaults:1 | Lost mutation: You have a moderately thin skeletal structure. (Dex +4, Stealth+) [mutagenic meat]
 64313 | Vaults:1 | Reached skill level 15 in Spellcasting
 66116 | Vaults:1 | Learned a level 8 spell: Ignition
 66163 | Vaults:1 | Learned a level 2 spell: Sublimation of Blood
 66399 | Vaults:2 | Reached XP level 23. HP: 208/208 MP: 41/42
 68566 | Vaults:3 | Reached skill level 15 in Fire Magic
 68789 | Vaults:3 | Found Ete Muh's Magic Scroll Boutique.
 68837 | Vaults:3 | Bought a scroll of teleportation for 42 gold pieces
 68837 | Vaults:3 | Bought a scroll of magic mapping for 49 gold pieces
 69761 | Vaults:3 | Found a staircase to the Crypt.
 70174 | Vaults:4 | Reached skill level 16 in Spellcasting
 70206 | Vaults:4 | Reached skill level 10 in Evocations
 70276 | Vaults:4 | Noticed Bai Suzhen
 70282 | Vaults:4 | Killed Bai Suzhen
 71800 | Vaults:4 | Reached XP level 24. HP: 158/216 MP: 18/43
 72047 | Vaults:4 | Noticed Jorgrun
 72053 | Vaults:4 | Killed Jorgrun
 72065 | Vaults:4 | Noticed Frederick
 72069 | Vaults:4 | Killed Frederick
 72542 | Vaults:4 | Identified Kikubaaqudgha's Papyrus of Dark Secrets
 73044 | Orc:2    | Bought the +8 large shield of the Blind Marksman {rC+ rN+ Int+6} for 1129 gold pieces
 73298 | Depths:2 | Got a shimmering marble ring
 73316 | Depths:1 | Identified the ring of Sianwoco {Fire MR++} (You took it off a merfolk on level 2 of the Depths)
 73401 | Depths:3 | Found a one-way gate leading to the halls of Pandemonium.
 73426 | Depths:3 | Reached skill level 1 in Armour
 73520 | Depths:3 | Found a gateway to a ziggurat.
 74470 | Depths:3 | Noticed a caustic shrike
 74478 | Depths:3 | Killed a caustic shrike
 74695 | Depths:3 | Reached skill level 17 in Spellcasting
 74881 | Depths:3 | Learned a level 6 spell: Iron Shot
 75334 | Depths:4 | Noticed Jory
 75343 | Depths:4 | Killed Jory
 75766 | Depths:4 | Noticed a caustic shrike
 75774 | Depths:4 | Killed a caustic shrike
 75791 | Depths:4 | Got a smoking mace
 75792 | Depths:4 | Identified the +10 mace of Niplifeq {crush, Dex+6} (You found it on level 4 of the Depths)
 75831 | Depths:4 | Noticed a caustic shrike
 75839 | Depths:4 | Killed a caustic shrike
 75839 | Depths:4 | Reached skill level 5 in Armour
 75839 | Depths:4 | Reached XP level 25. HP: 180/223 MP: 44/44
 75928 | Depths:4 | Noticed a juggernaut
 76027 | Depths:4 | Found Peecid's Antique Weapon Shop.
 76276 | Depths:2 | Killed Sojobo
 76417 | Depths:2 | Got a scorched turquoise ring
 76418 | Depths:2 | Identified the ring "Cylupaj" {rElec rC+ AC+4} (You took it off a rakshasa on level 2 of the Depths)
 76507 | Depths:2 | Found a one-way gate to the infinite horrors of the Abyss.
 76547 | Depths:2 | Got a clouded golden ring
 76549 | Depths:2 | Identified the ring of Tisouf {*Tele +Fly rF+ MR+} (You found it on level 2 of the Depths)
 76570 | Depths:2 | Got a fine bone amulet
 76571 | Depths:2 | Identified the amulet of Pirakh {Gourm +Fly rF+ MP+9 Stlth+} (You acquired it on level 2 of the Depths)
 76579 | Depths:2 | Got a crude hat
 76590 | Depths:2 | Identified the +1 hat "Durgh" {*Slow rElec MR+} (You acquired it on level 2 of the Depths)
 76605 | Depths:2 | Got a translucent hat
 76616 | Depths:2 | Identified the -3 hat of Peek-a-Boo {Dex+4} (You acquired it on level 2 of the Depths)
 76729 | Depths:5 | Entered Level 5 of the Depths
 77314 | Depths:5 | Found a gate to the Realm of Zot.
 78903 | Depths:4 | Killed a juggernaut
 80006 | Elf:3    | Entered Level 3 of the Elven Halls
 80879 | Elf:3    | Reached skill level 18 in Spellcasting
 80985 | Elf:3    | Reached XP level 26. HP: 216/232 MP: 45/45
 81582 | Elf:3    | Got jewelled acid dragon scales
 81595 | Elf:3    | Identified the +1 acid dragon scales "Iduid" {rCorr Str+2 Int+4 SInv} (You took it off a deep elf mage on level 3 of the Elven Halls)
 81632 | Elf:3    | Got a scintillating granite ring
 81634 | Elf:3    | Identified the ring of Rusmybo {Str+2 Slay+3 SInv} (You took it off a deep elf demonologist on level 3 of the Elven Halls)
 81670 | Elf:3    | Got a fine scimitar
 81674 | Elf:3    | Identified the +1 scimitar of the Orcish Mines {holy, +Rage rC++ Dex+4 Stlth+} (You found it on level 3 of the Elven Halls)
 81677 | Elf:3    | Got a bloodstained whip
 81678 | Elf:3    | Identified the +3 whip of the Saviour {slash, Dex+2} (You found it on level 3 of the Elven Halls)
 82007 | Crypt:1  | Entered Level 1 of the Crypt
 82096 | Vaults:5 | Entered Level 5 of the Vaults
 82282 | Vaults:5 | Noticed an ancient lich
 82791 | Vaults:4 | Reached skill level 1 in Air Magic
 82868 | Vaults:5 | Noticed an ancient lich
 83392 | Vaults:4 | Killed an ancient lich
 83392 | Vaults:4 | Reached skill level 5 in Dodging
 83815 | Vaults:5 | Killed an ancient lich
 84140 | Vaults:5 | Reached XP level 27. HP: 240/240 MP: 10/45
 84668 | Vaults:5 | Reached skill level 5 in Air Magic
 84884 | Vaults:5 | Found Biv Juiman's Antique Weapon Emporium.
 84891 | Vaults:5 | Found Mecweob's Magic Scroll Shop.
 84901 | Vaults:5 | Bought a scroll of fog for 44 gold pieces
 84901 | Vaults:5 | Bought a scroll of teleportation for 66 gold pieces
 84930 | Vaults:5 | Found Kenauw's Gadget Boutique.
 84956 | Vaults:5 | Reached skill level 19 in Spellcasting
 84975 | Vaults:5 | Found Vint's Antique Armour Shop.
 85186 | Vaults:5 | Noticed an ancient lich
 85195 | Vaults:5 | Killed an ancient lich
 85219 | Vaults:5 | Noticed an ancient lich
 85226 | Vaults:5 | Killed an ancient lich
 85273 | Vaults:5 | Found Remeisuir's Armour Shop.
 85383 | Vaults:5 | Got a silver rune of Zot
 85555 | Vaults:5 | Found Ekumiw's Food Shoppe.
 85555 | Vaults:5 | Found Zius's Distillery.
 85566 | Vaults:5 | Bought a potion of haste for 230 gold pieces
 85566 | Vaults:5 | Bought a potion of haste for 230 gold pieces
 85610 | Vaults:5 | Found Zuaxiwn's Distillery.
 85995 | Vaults:5 | Got a pitted naga barding
 86006 | Vaults:5 | Identified the +0 naga barding "Retz" {-Cast rElec MR+++ Int+5} (You acquired it on level 5 of the Vaults)
 87283 | Crypt:2  | Noticed Xtahua
 87288 | Crypt:2  | Killed Xtahua
 88171 | Crypt:2  | Noticed a greater mummy
 88601 | Crypt:2  | Killed a greater mummy
 89424 | Crypt:3  | Entered Level 3 of the Crypt
 89879 | Crypt:3  | Found a basalt altar of Yredelemnul.
 90542 | Crypt:3  | Got a bound bone ring
 90542 | Crypt:3  | Got a steaming platinum ring
 90545 | Crypt:3  | Identified the ring "Lotod" {*Corrode +Inv rElec rN+ SInv} (You found it on level 3 of the Crypt)
 90972 | Crypt:3  | Identified the Guide on Stolen Souls
 91128 | Crypt:3  | Noticed an ancient lich
 91134 | Crypt:3  | Killed an ancient lich
 91274 | Crypt:3  | Found a staircase to the Tomb.
 91942 | Depths:2 | Identified the ring "Gihoyr Gysorch" {rN+ MR+} (You found it on level 3 of the Crypt)
 91959 | Depths:2 | Voluntarily entered the Abyss.
 91959 | Abyss:1  | Found a corrupted altar of Lugonu.
 92068 | Abyss:1  | Found a corrupted altar of Lugonu.
 92360 | Abyss:1  | Reached skill level 10 in Air Magic
 92961 | Depths:2 | Escaped the Abyss
 93165 | Zot:1    | Entered Level 1 of the Realm of Zot
 93692 | Snake:3  | Bought a book of the Warp for 1620 gold pieces
 94305 | Zot:1    | Got a smoking tin ring
 94308 | Zot:1    | Identified the ring "Junyni" {Fire Int+6} (You found it on level 1 of the Realm of Zot)
 94342 | Zot:1    | Reached skill level 20 in Spellcasting
 97200 | Zot:3    | Upgraded the game from 0.21-a0-440-g28109cb to 0.21-a0-442-g848f44b
 98246 | Slime:1  | Entered Level 1 of the Pits of Slime
 99031 | Slime:3  | Gained mutation: You have a pair of large horns on your head. [a shining eye]
 99431 | Slime:4  | Noticed Dissolution
 99524 | Slime:3  | Killed Dissolution
 99524 | Slime:3  | Reached skill level 10 in Translocations
 99757 | Slime:5  | Entered Level 5 of the Pits of Slime
 99857 | Slime:5  | Lost mutation: You possess an exceptional clarity of mind. [a shining eye]
100035 | Slime:5  | Reached skill level 21 in Spellcasting
100334 | Slime:5  | Noticed the Royal Jelly
100343 | Slime:5  | Killed the Royal Jelly
100479 | Slime:5  | Lost mutation: Your spells are a little harder to cast, but a little more powerful. [a shining eye]
100523 | Slime:5  | Identified the Tome of Sinister Secrets and the Oath
100530 | Slime:5  | Got a crude bone ring
100583 | Slime:5  | Got a slimy rune of Zot
100611 | Slime:5  | Identified the ring of Qipn {rElec EV+3} (You found it on level 5 of the Pits of Slime)
101074 | Depths:1 | Bought a book of Annihilations for 2428 gold pieces
101087 | Depths:1 | Learned a level 9 spell: Fire Storm
101168 | Depths:2 | Learned a level 9 spell: Glaciate
102055 | Zot:4    | Noticed an orb of fire
102245 | Zot:4    | Gained mutation: Your magical capacity is low. (-10% MP) [an orb of fire]
102247 | Zot:4    | Killed an orb of fire
102905 | Hell     | Entered the Vestibule of Hell
102905 | Hell     | Noticed Geryon
102915 | Hell     | Killed Geryon
103100 | Depths:4 | Gained mutation: Your spells are a little easier to cast, but a little less powerful. [mutagenic glow]
104229 | Hell     | Found a gateway to the freezing wastes of Cocytus.
104356 | Hell     | Found a gateway to the decaying netherworld of Tartarus.
104388 | Hell     | Found a gateway to the ashen valley of Gehenna.
104655 | Depths:2 | Lost mutation: You are resistant to hostile enchantments. (MR+) [potion of mutation]
104655 | Depths:2 | Lost mutation: You are covered in fur. (AC +1) [potion of mutation]
104655 | Depths:2 | Gained mutation: You can exhale a cloud of poison. [potion of mutation]
104655 | Depths:2 | Lost mutation: Your spells are a little easier to cast, but a little less powerful. [potion of mutation]
104655 | Depths:2 | Gained mutation: You are partially covered in molten scales. (AC +2) [potion of mutation]
104656 | Depths:2 | Lost mutation: Your magical capacity is low. (-10% MP) [potion of mutation]
104656 | Depths:2 | Lost mutation: You can exhale a cloud of poison. [potion of mutation]
104656 | Depths:2 | Lost mutation: You are frail. (-10% HP) [potion of mutation]
104656 | Depths:2 | Gained mutation: Your body sometimes deteriorates upon taking damage. [potion of mutation]
104656 | Depths:2 | Gained mutation: You can exhale a cloud of poison. [potion of mutation]
104656 | Depths:2 | Gained mutation: Your tail ends in a poisonous barb. [potion of mutation]
104656 | Depths:2 | Gained mutation: Your tail ends in a sharp poisonous barb. [potion of mutation]
104657 | Depths:2 | Lost mutation: You are partially covered in molten scales. (AC +2) [potion of mutation]
104657 | Depths:2 | Lost mutation: You have a pair of large horns on your head. [potion of mutation]
104657 | Depths:2 | Lost mutation: You can exhale a cloud of poison. [potion of mutation]
104657 | Depths:2 | Gained mutation: Your magical capacity is low. (-10% MP) [potion of mutation]
104657 | Depths:2 | Gained mutation: You tend to lose your temper in combat. [potion of mutation]
104657 | Depths:2 | Gained mutation: You have a pair of large horns on your head. [potion of mutation]
104658 | Depths:2 | Lost mutation: Your body sometimes deteriorates upon taking damage. [potion of mutation]
104658 | Depths:2 | Lost mutation: You tend to lose your temper in combat. [potion of mutation]
104658 | Depths:2 | Lost mutation: You do not regenerate when monsters are visible. [potion of mutation]
104658 | Depths:2 | Gained mutation: You are partially covered in large bone plates. (SH +4) [potion of mutation]
104658 | Depths:2 | Gained mutation: You are covered in fur. (AC +1) [potion of mutation]
104658 | Depths:2 | Gained mutation: Your flesh is heat resistant. (rF+) [potion of mutation]
104658 | Depths:2 | Gained mutation: You are robust. (+10% HP) [potion of mutation]
104791 | Depths:2 | Voluntarily entered the Abyss.
104797 | Abyss:1  | Noticed an ancient lich
104800 | Abyss:1  | Killed an ancient lich
105925 | Abyss:3  | Found a corrupted altar of Lugonu.
105941 | Abyss:3  | Found a corrupted altar of Lugonu.
105975 | Abyss:3  | Found a corrupted altar of Lugonu.
106797 | Depths:2 | Escaped the Abyss
107208 | Depths:2 | Voluntarily entered the Abyss.
107234 | Abyss:1  | Reached skill level 22 in Spellcasting
107416 | Abyss:2  | Got an encrusted ring mail
107449 | Abyss:2  | Identified the +3 ring mail of Xelueq {Stlth+} (You found it on level 2 of the Abyss)
107656 | Abyss:2  | Got a spiked leather armour
107671 | Abyss:2  | Identified the cursed +0 leather armour "Digafec" {Int-2 Dex+2 SInv} (You found it on level 2 of the Abyss)
108197 | Depths:2 | Escaped the Abyss
108485 | Depths:2 | Voluntarily entered the Abyss.
108570 | Abyss:1  | Found a corrupted altar of Lugonu.
109516 | Depths:2 | Escaped the Abyss
110104 | Vaults:2 | Lost mutation: Your magical capacity is extremely low. (-30% MP) [potion of mutation]
110104 | Vaults:2 | Lost mutation: You have a pair of large horns on your head. [potion of mutation]
110104 | Vaults:2 | Lost mutation: Your flesh is heat resistant. (rF+) [potion of mutation]
110104 | Vaults:2 | Gained mutation: Your spells are a little harder to cast, but a little more powerful. [potion of mutation]
110182 | Crypt:1  | Lost mutation: Your tail ends in a sharp poisonous barb. [potion of mutation]
110182 | Crypt:1  | Lost mutation: You have a pair of horns on your head. [potion of mutation]
110182 | Crypt:1  | Lost mutation: You have a pair of small horns on your head. [potion of mutation]
110182 | Crypt:1  | Gained mutation: You are resistant to hostile enchantments. (MR+) [potion of mutation]
110562 | Hell     | Found a gateway to the Iron City of Dis.
110989 | Depths:4 | Voluntarily entered the Abyss.
110989 | Abyss:1  | Found a corrupted altar of Lugonu.
111136 | Abyss:1  | Found a corrupted altar of Lugonu.
111159 | Abyss:1  | Found a corrupted altar of Lugonu.
111213 | Depths:4 | Escaped the Abyss
111446 | Depths:4 | Voluntarily entered the Abyss.
111655 | Abyss:2  | Found a corrupted altar of Lugonu.
111677 | Abyss:3  | Got an abyssal rune of Zot
112040 | Depths:4 | Escaped the Abyss
112102 | Tar:1    | Entered Level 1 of Tartarus
112391 | Tar:2    | Reached skill level 15 in Translocations
112879 | Tar:3    | Found a shadowy altar of Dithmenos.
112991 | Tar:5    | Gained mutation: You are clumsy. (Dex -2) [mutagenic glow]
113601 | Tar:1    | Reached skill level 23 in Spellcasting
115954 | Tar:4    | Reached skill level 15 in Ice Magic
116018 | Tar:7    | Entered Level 7 of Tartarus
116417 | Hell     | Upgraded the game from 0.21-a0-442-g848f44b to 0.21-a0-444-g29a2fec
116487 | Tar:4    | Gained mutation: Potions are less effective at restoring your health. [mutagenic glow]
116620 | Tar:1    | Gained mutation: You are weak. (Str -2) [mutagenic glow]
117410 | Hell     | Learned a level 8 spell: Disjunction
117824 | Tomb:1   | Entered Level 1 of the Tomb of the Ancients
118215 | Tomb:1   | Noticed a greater mummy
118245 | Tomb:1   | Killed a greater mummy
118650 | Tomb:1   | Noticed a greater mummy
118656 | Tomb:1   | Killed a greater mummy
118838 | Tomb:1   | Noticed a greater mummy
118841 | Tomb:1   | Killed a greater mummy
118949 | Tomb:1   | Noticed agentgt's ghost (master GnCK)
118982 | Tomb:1   | Killed agentgt's ghost
119116 | Tomb:1   | Noticed a greater mummy
119119 | Tomb:1   | Killed a greater mummy
119258 | Tomb:1   | Upgraded the game from 0.21-a0-444-g29a2fec to 0.21-a0-450-gd87a9b2
119362 | Tomb:1   | Learned a level 8 spell: Controlled Blink
119370 | Tomb:2   | Noticed a greater mummy
119370 | Tomb:2   | Noticed a greater mummy
119370 | Tomb:2   | Noticed a greater mummy
119370 | Tomb:2   | Noticed a greater mummy
119839 | Tomb:1   | Noticed mynamjef's ghost (legendary DEWz)
119844 | Tomb:1   | Killed mynamjef's ghost
120790 | Crypt:3  | Got a brightly glowing battleaxe
120791 | Crypt:3  | Identified the cursed +3 battleaxe "Anellu" {venom, Fragile rElec rF- rC+++} (You found it on level 3 of the Crypt)
122176 | Coc:1    | Entered Level 1 of Cocytus
122513 | Coc:3    | Reached skill level 24 in Spellcasting
123160 | Coc:7    | Entered Level 7 of Cocytus
126315 | Coc:7    | Got an ichor-stained trident
126324 | Coc:7    | Identified the +6 trident of Glory {elec, +Rage +Fly MP+9 Str-3 Dex+5} (You found it on level 7 of Cocytus)
126390 | Coc:7    | Reached skill level 25 in Spellcasting
126476 | Coc:7    | Got a faintly glowing morningstar {vamp}
126477 | Coc:7    | Identified the +9 morningstar of Nyngol {vamp, rN++ Int+2} (You took it off a skeletal warrior on level 7 of Cocytus)
126522 | Coc:7    | Noticed Antaeus
126551 | Coc:7    | Killed Antaeus
126604 | Coc:7    | Got an icy rune of Zot
127441 | Tar:7    | Noticed Ereshkigal
127446 | Tar:7    | Killed Ereshkigal
127477 | Tar:7    | Got a bone rune of Zot
128803 | Dis:1    | Entered Level 1 of the Iron City of Dis
129744 | Dis:6    | Lost mutation: Your spells are a little harder to cast, but a little more powerful. [mutagenic glow]
130140 | Dis:7    | Entered Level 7 of the Iron City of Dis
130820 | Dis:7    | Lost mutation: You are weak. (Str -2) [mutagenic glow]
130856 | Dis:7    | Gained mutation: Your magical capacity is low. (-10% MP) [mutagenic glow]
132486 | Dis:7    | Got a scorched flail {freeze}
132490 | Dis:7    | Reached skill level 26 in Spellcasting
132622 | Dis:7    | HP: 3/307 [iron giant/iron shot[the effects of Hell] (56)]
132623 | Dis:7    | Killed from afar by an ancient champion

Vault maps used:
D:1:      mainiacjoe_arrival_reflecting_pool, serial_bayou_pond_d
D:2:      nicolae_overflow_hidden_temple, gammafunk_temple_overflow_wave,
          serial_bayou, serial_bayou_crossing, serial_bayou_pond_c,
          serial_bayou_pond_c, serial_bayou_shore_a, serial_bayou_ford_a,
          serial_bayou_pond_e
D:3:      elyvilon_altar_4, minmay_misc_feat_tiny, lemuel_tele_altar
D:4:      nicolae_ru_the_path_less_chosen, old_standard_altar, kennysheep_mini,
          minmay_temple_entry_enclosed_plants, gup_sewer_entry_glass,
          grunt_decor_mini_mirrors, minivault_14
D:5:      first_bread, minmay_misc_feat_enclosed,
          hangedman_decor_clover_reticule, grunt_ministairs_11, uniq_duvessa,
          uniq_pikel, uniq_crazy_yiuf_cottage, uniq_edmund
D:6:      lightli_ossuary_entry_decrepit_ruins, serial_bayou,
          serial_bayou_lagoon_b, serial_bayou_pond_b, serial_bayou_pond_b,
          serial_bayou_pond_c, uniq_sigmund
D:7:      fedhas_altar_1, basic_altar
D:8:      overflow_temple_1_default, trog_ov_bears_minmay,
          grunt_dithmenos_shadows, led_sif_book, old_standard_altar
D:10:     special_room
D:11:     evilmike_iron_armoury, david_lair_shrubbed,
          nicolae_trove_entry_diagonal
D:12:     erik_orc_1
D:13:     grunt_vaults_entry_tiered
D:15:     hangedman_depths_entry_try_elsewhere_first, serial_park_square2,
          st_stairs_9, abandoned_shop, minmay_misc_feat_hallway
Temple:   nicolae_temple_figure_zero
Lair:1:   eino_small_chamber_without_monster, nicolae_quartered_pool_super,
          lemuel_fruit_fields
Lair:2:   cheibrodos_lair_river_kwai, grunt_forest_large_clearings
Lair:3:   minmay_snake_entry_guardpost_medium, st_stairs_10, grunt_megastairs_3
Lair:4:   elwin_shoals_entry_stream, grunt_megastairs_5
Lair:5:   slime_altar_1, serial_bayou_pond_b, infiniplex_staircase_pool,
          uniq_josephine
Lair:6:   gammafunk_lair_ancient_temple, serial_bayou_lake_a
Shoals:1: uniq_louise
Shoals:2: hangedman_feature_mirror
Shoals:3: serial_shops, shop_statue, nicolae_shoals_loop_pool
Shoals:4: shoals_end_grunt_ice, shoal_ilsuiw, serial_shops,
          nicolae_shop_temple_entry_statues_fountains
Snake:1:  serial_shops, nicolae_shop_overgrown_old_shop
Snake:2:  serial_shops, shop, grunt_ministairs_2, guppyfry_snake_island,
          basic_stair_grate_trap, uniq_kirke, uniq_donald
Snake:3:  minmay_shoptagon, grunt_megastairs_2
Snake:4:  snake_pit, serial_bayou_pond_e, grunt_ministairs_11
Slime:2:  basic_altar
Slime:4:  dissolution_awaits
Orc:1:    statue_in_the_mist_lemuel
Orc:2:    st_orc_rangers, serial_shops, nicolae_shop_behind_doors, shop
Elf:1:    elf_arrival_002, serial_hangedman_research,
          hangedman_research_thanatology, hangedman_research_toxicology,
          hangedman_research_thermodynamics, hangedman_research_convocations,
          hangedman_research_electronics, minmay_elf_necromancy, uniq_agnes
Elf:2:    portal_ice_cave_entry_ugly_swarm, grunt_ministairs_10, uniq_asterion
Elf:3:    minmay_elf_hall_spiked, lemuel_flamethrower_3
Vaults:1: v_misc_4, st_greater_box_1, hangedman_vaults_trim,
          nicolae_vaults_network_barrier, vaults_dpeg_ring, v_misc_29,
          grunt_vaults_diagonal, dpeg_vaults_monster_box, v_misc_17,
          vaults_room_grunt_arrival_ludios, nicolae_vaults_gold_heap,
          serial_shops, nicolae_shop_overgrown_old_shop
Vaults:2: st_squares, nicolae_vaults_big_angled_halls, v_misc_26, v_misc_19,
          ontoclasm_vaults_claustrophobia, vaults_room_fours,
          ontoclasm_vaults_chip, nicolae_vaults_three_branches,
          ontoclasm_vaults_pinch, ontoclasm_vaults_decontamination
Vaults:3: minmay_crypt_entry_simple_box, hangedman_vaults_river_flow,
          nicolae_vaults_circle_grid_b, hangedman_vaults_stitches,
          hangedman_vaults_trim, vaults_dpeg_diagonal, ontoclasm_vaults_hangar,
          serial_shops, shop
Vaults:4: st_hourglassy, v_alt_pattern_2, nicolae_vaults_arrows,
          vaults_room_large_hall, v_alt_pattern_2, v_alt_pattern_2,
          nicolae_vaults_big_ls, v_alt_pattern_2, ontoclasm_vaults_gateway,
          nicolae_vaults_ring_of_whatevers, ontoclasm_vaults_ligature,
          grunt_vaults_hallway_short, uniq_jorgrun, uniq_frederick,
          uniq_bai_suzhen
Crypt:2:  lemuel_minitomb, uniq_xtahua
Crypt:3:  grunt_crypt_end_deaths_head
Tomb:1:   uniq_sojobo
Depths:1: minmay_misc_feat_square, hellmouth_3, interstate_on_off,
          kennysheep_pointless_box, nicolae_blasting_shop, minmay_shop_grove,
          uniq_mara
Depths:2: hangedman_spin_cycle, hell_entry, abyss_entry, uniq_aizul
Depths:3: kennysheep_four_of_diamonds, enter_ziggurat_b, pan_entry, hell_entry
Depths:4: minmay_box_of_curves, serial_shops, shop,
          serial_sigils_hangedman_shear, abyss_entry, hell_entry,
          infiniplex_staircase_pool_lava, serial_bayou_shore_b, uniq_jory
Depths:5: grunt_zot_entry_alcove, hell_entry, serial_bayou_pond_e,
          nicolae_two_hexagons
Dis:3:    kennysheep_iron_temple
Dis:6:    lemuel_elevator
Dis:7:    iron_city_of_dis
Coc:7:    coc_dpeg
Tar:2:    nicolae_tar_cuneiform_sun, grunt_megastairs_4
Tar:3:    regret_index_dithmenos_brocken_genspenst
Tar:4:    nicolae_tar_cuneiform_heaven
Tar:6:    nicolae_tar_fractal_crypt
Tar:7:    tar_old
Zot:3:    basic_stair_grate_trap, lemuel_elevator
Abyss:1:  evilmike_abyss_exit_mutagenic, minivault_11,
          serial_sigils_hangedman_quiver
Abyss:2:  minivault_1, evilmike_abyss_exit_kraken, evilmike_abyss_exit_glass
Abyss:3:  due_exit_kobolds, evilmike_abyss_exit_kraken,
          nicolae_abyss_rune_star_stuff
Trove:    trove_garden
Sewer:    sewer_kobolds
Ossuary:  ossuary_boxes_badplayer
IceCv:    ice_cave_tombish

Skill      XL: |  1  2  3  4  5  6  7  8  9 10 11 12 13 14 15 16 17 18 19 20 21 22 23 24 25 26 27 |
---------------+----------------------------------------------------------------------------------+-----
Conjurations   | 2 3 5 7 9 10 11 12 13 14 15 16 17 18 19 20 21 | 21.3
Spellcasting   | 3 4 5 6 8 10 11 12 13 14 15 16 17 18 26 | 26.0
Fire Magic     | 4 6 8 10 11 12 13 14 15 16 17 18 20 | 20.9
Fighting       | 2 5 8 11 13 14 15 17 18 19 23 | 23.3
Evocations     | 3 5 8 10 11 14 | 14.1
Ice Magic      | 3 6 9 11 20 | 20.0
Shields        | 5 8 10 11 | 11.1
Translocations | 5 21 | 21.3
Necromancy     | 5 7 9 |  9.6
Armour         | 5 |  5.6
Dodging        | 2 5 7 |  7.4
Air Magic      | 4 10 | 10.2
Stealth        | |  3.0

Action                   |  1- 3 |  4- 6 |  7- 9 | 10-12 | 13-15 | 16-18 | 19-21 | 22-24 | 25-27 || total
-------------------------+-------+-------+-------+-------+-------+-------+-------+-------+-------++-------
Melee: Spear             |    16 |       |       |       |       |       |       |       |       ||    16
       Dagger            |    24 |   120 |     2 |    55 |       |       |       |       |       ||   201
       Whip              |       |       |    25 |       |       |       |       |       |       ||    25
       Short sword       |       |       |    67 |       |       |       |       |       |       ||    67
       Mace              |       |       |   122 |   384 |   168 |       |       |       |       ||   674
       Tailslap          |       |       |       |    50 |    53 |   115 |    17 |       |   154 ||   389
       Constrict         |       |       |       |       |    74 |   134 |    31 |    37 |   121 ||   397
       Staff             |       |       |       |       |   104 |   546 |   127 |   184 |   597 ||  1558
       Headbutt          |       |       |       |       |    35 |   142 |    53 |    70 |   159 ||   459
       Scimitar          |       |       |       |       |       |       |       |       |   206 ||   206
 Cast: Flame Tongue      |    23 |    69 |    81 |   180 |   321 |   467 |    51 |    20 |     4 ||  1216
       Throw Flame       |       |     2 |    16 |   101 |   112 |   127 |    11 |    13 |       ||   382
       Sticky Flame      |       |     1 |    20 |    85 |   115 |   204 |    70 |    37 |    36 ||   568
       Freeze            |       |       |       |     7 |     1 |    78 |     4 |       |       ||    90
       Fireball          |       |       |       |     1 |    24 |    88 |   100 |    54 |    42 ||   309
       Irradiate         |       |       |       |       |       |    11 |    29 |     9 |   104 ||   153
       Freezing Cloud    |       |       |       |       |       |     5 |    32 |    28 |    37 ||   102
       Bolt of Fire      |       |       |       |       |       |    21 |   372 |   507 |  1778 ||  2678
       Apportation       |       |       |       |       |       |       |     3 |       |     1 ||     4
       Ignition          |       |       |       |       |       |       |       |    15 |    76 ||    91
       Iron Shot         |       |       |       |       |       |       |       |     6 |   970 ||   976
       Sublimation of Bl |       |       |       |       |       |       |       |       |   257 ||   257
       Fire Storm        |       |       |       |       |       |       |       |       |   128 ||   128
       Regeneration      |       |       |       |       |       |       |       |       |    87 ||    87
       Disjunction       |       |       |       |       |       |       |       |       |    20 ||    20
       Blink             |       |       |       |       |       |       |       |       |    12 ||    12
       Glaciate          |       |       |       |       |       |       |       |       |     1 ||     1
 Abil: Spit Poison       |     8 |     8 |    12 |    37 |    33 |    31 |     9 |     3 |     1 ||   142
       Evoke Flight      |       |       |       |       |       |       |     1 |       |    24 ||    25
       Stop Flying       |       |       |       |       |       |       |       |       |     1 ||     1
Evoke: Wand              |       |       |       |     5 |     3 |     3 |     5 |     3 |     4 ||    23
       Box of beasts     |       |       |       |       |     1 |       |       |       |       ||     1
       Phial of floods   |       |       |       |       |     1 |     2 |       |     1 |     4 ||     8
       Crystal ball of e |       |       |       |       |       |       |       |       |    46 ||    46
       Lightning rod     |       |       |       |       |       |       |       |       |     8 ||     8
       Staff of energy   |       |       |       |       |       |       |       |       |     6 ||     6
       Lamp of fire      |       |       |       |       |       |       |       |       |     1 ||     1
  Use: Scroll            |       |     8 |     8 |     8 |     9 |     5 |    12 |    15 |    51 ||   116
       Potion            |       |     3 |     8 |     9 |     8 |     4 |     1 |     1 |    27 ||    61
 Stab: Sleeping          |     4 |     3 |     6 |     5 |     2 |     1 |       |       |     3 ||    24
       Distracted        |       |       |       |       |       |     2 |       |     1 |     1 ||     4
  Eat: Chunk             |       |     9 |     2 |    43 |    28 |    27 |    29 |    43 |   104 ||   285
       Bread ration      |       |     1 |     2 |     3 |     3 |     7 |     4 |     1 |     8 ||    29
       Royal jelly       |       |       |       |     1 |       |       |     1 |       |     1 ||     3
       Meat ration       |       |       |       |       |       |       |     9 |     2 |     4 ||    15
       Fruit             |       |       |       |       |       |       |       |       |    10 ||    10
Armor: Robe              |    13 |    44 |   117 |   398 |   265 |   468 |   141 |    56 |    16 ||  1518
       Acid dragon scale |       |       |       |       |       |       |       |       |  1027 ||  1027
Dodge: Dodged            |    17 |    91 |   153 |   349 |   170 |   202 |    50 |    21 |   556 ||  1609
Block: Other             |       |     3 |    35 |    95 |    50 |     5 |       |       |       ||   188
       Reflection        |       |       |       |     3 |     1 |    91 |    42 |    85 |     3 ||   225
       Buckler           |       |       |       |       |       |   245 |       |       |       ||   245
       Large shield      |       |       |       |       |       |   344 |   393 |   357 |  3177 ||  4271
       Rpst.: Scimitar   |       |       |       |       |       |       |       |       |    36 ||    36

Table legend:
 A = Spawn XP
 B = Non-spawn XP
 C = Spawn XP percentage of total XP
 D = Spawn monster count
 E = Non-spawn monster count
 F = Spawn count percentage of total count
 G = Total turns spent on level
                    A         B        C        D         E        F      G
               +---------+---------+-------+---------+---------+-------+---------
         Total |  154997 | 2718338 |   5.4 |     250 |    3916 |   6.0 | 132623
               +---------+---------+-------+---------+---------+-------+---------
           D:1 |       0 |      35 |   0.0 |       0 |      21 |   0.0 |   709
           D:2 |       0 |     101 |   0.0 |       0 |      31 |   0.0 |  1273
           D:3 |       0 |     288 |   0.0 |       0 |      14 |   0.0 |   679
           D:4 |       0 |     218 |   0.0 |       0 |      21 |   0.0 |  1631
           D:5 |       0 |    1622 |   0.0 |       0 |      27 |   0.0 |  1531
           D:6 |       0 |    1280 |   0.0 |       0 |      30 |   0.0 |   712
           D:7 |       0 |    2577 |   0.0 |       0 |      50 |   0.0 |  1868
           D:8 |       0 |    2296 |   0.0 |       0 |      21 |   0.0 |   797
           D:9 |       0 |     443 |   0.0 |       0 |       8 |   0.0 |   853
          D:10 |       0 |    2881 |   0.0 |       0 |      29 |   0.0 |  1961
          D:11 |       0 |   12476 |   0.0 |       0 |      43 |   0.0 |  4158
          D:12 |       0 |    4209 |   0.0 |       0 |      50 |   0.0 |  1722
          D:13 |       0 |   12964 |   0.0 |       0 |      51 |   0.0 |  2864
          D:14 |       0 |   11366 |   0.0 |       0 |      25 |   0.0 |  3309
          D:15 |       0 |   13793 |   0.0 |       0 |      34 |   0.0 |  2772
        Lair:1 |       0 |    4278 |   0.0 |       0 |      19 |   0.0 |  1435
        Lair:2 |       0 |    9200 |   0.0 |       0 |      49 |   0.0 |  3081
        Lair:3 |       0 |    5421 |   0.0 |       0 |      24 |   0.0 |  1826
        Lair:4 |       0 |    4842 |   0.0 |       0 |      22 |   0.0 |  1396
        Lair:5 |       0 |    8969 |   0.0 |       0 |      37 |   0.0 |  3002
        Lair:6 |       0 |   12732 |   0.0 |       0 |      40 |   0.0 |  2089
      Shoals:1 |       0 |   16483 |   0.0 |       0 |      29 |   0.0 |   773
      Shoals:2 |       0 |     506 |   0.0 |       0 |       2 |   0.0 |   232
      Shoals:3 |       0 |    9926 |   0.0 |       0 |      19 |   0.0 |   402
      Shoals:4 |       0 |   38125 |   0.0 |       0 |      62 |   0.0 |  1631
       Snake:1 |       0 |   17122 |   0.0 |       0 |      37 |   0.0 |  1784
       Snake:2 |       0 |   22205 |   0.0 |       0 |      39 |   0.0 |  2161
       Snake:3 |       0 |   18035 |   0.0 |       0 |      34 |   0.0 |  1578
       Snake:4 |       0 |   63276 |   0.0 |       0 |     109 |   0.0 |  3708
       Slime:1 |       0 |    5324 |   0.0 |       0 |      12 |   0.0 |   286
       Slime:2 |       0 |   17084 |   0.0 |       0 |      23 |   0.0 |   653
       Slime:3 |       0 |   35595 |   0.0 |       0 |      38 |   0.0 |   390
       Slime:4 |       0 |   18562 |   0.0 |       0 |      37 |   0.0 |   429
       Slime:5 |       0 |   48067 |   0.0 |       0 |      39 |   0.0 |   651
         Orc:1 |       0 |    5427 |   0.0 |       0 |      44 |   0.0 |  1166
         Orc:2 |       0 |    8770 |   0.0 |       0 |      70 |   0.0 |  1525
         Elf:1 |       0 |   64977 |   0.0 |       0 |     117 |   0.0 |  3917
         Elf:2 |       0 |   13331 |   0.0 |       0 |      17 |   0.0 |   534
         Elf:3 |       0 |   70392 |   0.0 |       0 |      70 |   0.0 |  1753
      Vaults:1 |       0 |  100278 |   0.0 |       0 |     148 |   0.0 |  3267
      Vaults:2 |       0 |   27280 |   0.0 |       0 |      45 |   0.0 |  2083
      Vaults:3 |       0 |   33934 |   0.0 |       0 |      59 |   0.0 |  2341
      Vaults:4 |       0 |  116984 |   0.0 |       0 |     135 |   0.0 |  4599
      Vaults:5 |       0 |  206443 |   0.0 |       0 |     155 |   0.0 |  1929
       Crypt:1 |       0 |   22411 |   0.0 |       0 |      36 |   0.0 |   974
       Crypt:2 |       0 |   39539 |   0.0 |       0 |      51 |   0.0 |  2204
       Crypt:3 |       0 |   80975 |   0.0 |       0 |     124 |   0.0 |  2769
        Tomb:1 |       0 |   78477 |   0.0 |       0 |      44 |   0.0 |  2268
        Tomb:2 |       0 |    2233 |   0.0 |       0 |       8 |   0.0 |    28
      Depths:1 |       0 |   36589 |   0.0 |       0 |      46 |   0.0 |  2995
      Depths:2 |     751 |   85602 |   0.9 |       1 |      96 |   1.0 |  6067
      Depths:3 |       0 |   70246 |   0.0 |       0 |      86 |   0.0 |  2617
      Depths:4 |       0 |   93738 |   0.0 |       0 |      85 |   0.0 |  3692
      Depths:5 |       0 |   55302 |   0.0 |       0 |      51 |   0.0 |  1993
          Hell |       0 |   64421 |   0.0 |       0 |      96 |   0.0 |  6764
         Dis:1 |       0 |    1938 |   0.0 |       0 |       8 |   0.0 |    60
         Dis:2 |       0 |    3810 |   0.0 |       0 |       6 |   0.0 |   189
         Dis:3 |       0 |   33134 |   0.0 |       0 |      66 |   0.0 |   418
         Dis:4 |       0 |    1362 |   0.0 |       0 |       4 |   0.0 |   143
         Dis:5 |       0 |    9322 |   0.0 |       0 |      20 |   0.0 |   147
         Dis:6 |       0 |   50198 |   0.0 |       0 |      63 |   0.0 |   780
         Dis:7 |       0 |   85224 |   0.0 |       0 |      94 |   0.0 |  1308
         Coc:1 |       0 |   20742 |   0.0 |       0 |      50 |   0.0 |   237
         Coc:2 |       0 |    7610 |   0.0 |       0 |      26 |   0.0 |   184
         Coc:3 |       0 |   59808 |   0.0 |       0 |      77 |   0.0 |   664
         Coc:4 |       0 |   24888 |   0.0 |       0 |      30 |   0.0 |   275
         Coc:5 |       0 |    2387 |   0.0 |       0 |      10 |   0.0 |    81
         Coc:6 |       0 |   19587 |   0.0 |       0 |      26 |   0.0 |   155
         Coc:7 |       0 |  129269 |   0.0 |       0 |     102 |   0.0 |   829
         Tar:1 |       0 |   22662 |   0.0 |       0 |      42 |   0.0 |   823
         Tar:2 |       0 |   28001 |   0.0 |       0 |      26 |   0.0 |   537
         Tar:3 |       0 |   63077 |   0.0 |       0 |      75 |   0.0 |   990
         Tar:4 |       0 |   38414 |   0.0 |       0 |      40 |   0.0 |   429
         Tar:5 |       0 |   17340 |   0.0 |       0 |      39 |   0.0 |   191
         Tar:6 |       0 |    6019 |   0.0 |       0 |      10 |   0.0 |    94
         Tar:7 |       0 |  100293 |   0.0 |       0 |      94 |   0.0 |   775
         Zot:1 |       0 |   33832 |   0.0 |       0 |      22 |   0.0 |   817
         Zot:2 |       0 |   58431 |   0.0 |       0 |      33 |   0.0 |  1760
         Zot:3 |       0 |   61901 |   0.0 |       0 |      31 |   0.0 |  1925
         Zot:4 |       0 |   59861 |   0.0 |       0 |      31 |   0.0 |   944
       Abyss:1 |   79675 |   31158 |  71.9 |     118 |      42 |  73.8 |  2717
       Abyss:2 |   32128 |   19223 |  62.6 |      54 |      30 |  64.3 |  1842
       Abyss:3 |   42443 |   19267 |  68.8 |      77 |      38 |  67.0 |  1287
         Sewer |       0 |     142 |   0.0 |       0 |      13 |   0.0 |   442
       Ossuary |       0 |     650 |   0.0 |       0 |      37 |   0.0 |  1000
         IceCv |       0 |    9138 |   0.0 |       0 |      22 |   0.0 |   499
               +---------+---------+-------+---------+---------+-------+---------
